Map: Cosmic Sapphire

Players

Elazer

  • Race: Zerg Zerg
  • Spawn Location: 11:00

herO - Winner!

  • Race: Protoss Protoss
  • Spawn Location: 5:00

Event: DreamHack SC2 Masters 2022 Atlanta (Offline)

VOD

Have the link to the VOD?

Description

Time

  • Played on: Nov. 19, 2022, 12:44 p.m.
  • Length: 12:28

All games in this series

Show
View Real Time Build Order
Export as new Build Order

Elazer Zerg 

Build Orders: Hatch First 

Get SALT Encoding   

  12  0:00  Drone  
  13  0:12  Overlord  
  13  0:17  Drone  
  14  0:30  Drone x2  
  16  0:48  Hatchery  
  15  0:51  Drone  
  15  0:54  Drone  
  17  0:58  Drone  
  18  1:08  Extractor  
  17  1:13  Spawning Pool  
  17  1:17  Drone  
  17  1:23  Drone  
  18  1:29  Drone  
  19  1:39  Drone  
  20  1:52  Overlord  
  20  1:59  Queen  
  20  2:00  Queen  
  25  2:01  Zergling x2  
  25  2:02  Drone  
  26  2:11  Zergling x2  
  26  2:12  Drone  
  26  2:14  Metabolic Boost  
  28  2:21  Drone x2  
  30  2:31  Drone  
  30  2:32  Drone  
  30  2:35  Queen  
  35  2:44  Drone  
  35  2:45  Overlord  
  35  2:55  Hatchery  
  35  2:56  Zergling x2  
  35  2:58  Zergling x2  
  35  3:04  Queen  
  37  3:08  Drone x2  
  37  3:10  Drone  
  37  3:11  Drone  
  41  3:20  Overlord  
  41  3:21  Queen  
  41  3:26  Overlord  
  43  3:35  Spore Crawler  
  43  3:36  Drone  
  43  3:40  Drone x2  
  45  3:42  Drone x4  
  45  3:46  Drone x2  
  45  3:47  Drone  
  52  3:48  Drone  
  53  3:57  Overlord  
  53  3:58  Queen  
  53  4:01  Drone x2  
  55  4:07  Drone x2  
  57  4:12  Overlord  
  57  4:14  Drone x3  
  57  4:16  Queen  
  60  4:21  Zergling x8  
  66  4:28  Zergling x2  
  66  4:29  Zergling x4  
  69  4:31  Queen  
  69  4:35  Zergling x2  
  69  4:37  Overlord  
  71  4:41  Zergling x2  
  71  4:45  Zergling x12  
  78  4:46  Roach Warren  
  78  4:51  Zergling x2  
  78  4:59  Zergling x6  
  78  5:05  Zergling x2  
  76  5:13  Zergling x16  
  82  5:23  Zergling x10  
  85  5:31  Zergling x6  
  88  5:38  Roach  
  86  5:46  Roach x4  
  80  5:57  Roach  
  80  5:58  Roach x3  
  80  6:00  Zergling x8  
  80  6:02  Overlord  
  90  6:10  Overlord  
  90  6:17  Hatchery  
  90  6:18  Drone  
  89  6:20  Queen x3  
  89  6:21  Overlord  
  89  6:22  Drone x2  
  97  6:28  Zergling x2  
  97  6:29  Zergling x6  
  97  6:30  Zergling x8  
  105  6:38  Zergling x2  
  105  6:45  Hatchery  
  100  6:48  Overlord  
  100  6:56  Drone x6  
  100  7:00  Drone x5  
  103  7:06  Drone  
  103  7:08  Drone x3  
  104  7:10  Drone  
  105  7:17  Drone  
  105  7:21  Lair  
  105  7:22  Drone x4  
  110  7:23  Drone  
  110  7:25  Extractor  
  110  7:26  Extractor  
  110  7:27  Extractor  
  107  7:31  Drone  
  107  7:32  Drone x2  
  107  7:33  Drone x2  
  107  7:35  Drone x3  
  115  7:37  Drone  
  116  7:44  Drone  
  116  7:47  Drone x2  
  117  7:52  Drone x2  
  117  7:53  Drone, Extractor x2  
  117  7:55  Drone x2  
  117  7:56  Drone x2  
  117  8:02  Zergling x6  
  120  8:08  Zergling x10  
  127  8:14  Overlord  
  127  8:19  Overlord x2  
  127  8:20  Hatchery  
  127  8:22  Baneling Nest  
  127  8:32  Zergling x24  
  127  8:33  Overlord  
  135  8:36  Overseer  
  135  8:41  Overseer  
  135  8:44  Zergling x8  
  135  8:46  Hatchery  
  138  8:52  Ravager x9  
  138  8:53  Zergling x12  
  138  8:54  Zergling x12  
  159  8:57  Overlord  
  159  9:01  Zergling x2  
  158  9:03  Overlord x3  
  158  9:06  Centrifugal Hooks  
  155  9:18  Zergling x18  
  159  9:25  Zergling x14  
  166  9:33  Zergling x14  
  172  9:39  Baneling x31, Hatchery  
  172  9:41  Zergling x8  
  175  9:45  Zergling x2  
  176  9:57  Baneling x12  
  176  10:00  Zergling x28  
  185  10:11  Baneling x3  
  185  10:12  Baneling x6  
  185  10:13  Zergling x2  
  185  10:14  Zergling x12  
  184  10:20  Zergling x2  
  184  10:21  Zergling x20  
  184  10:23  Zergling x2  
  168  10:33  Roach x6  
  166  10:36  Roach  
  166  10:41  Zergling x4  
  161  10:44  Zergling x2  
  161  10:45  Zergling x6  
  147  10:52  Roach x2  
  147  10:53  Roach x5  
  147  10:55  Zergling x10  
  155  11:01  Zergling x4  
  155  11:04  Baneling x12  
  157  11:06  Zergling x4  
  159  11:14  Zergling x10  
  146  11:19  Roach x7  
  150  11:33  Zergling x16  
  150  11:36  Baneling x14  
  150  11:39  Zergling x4  
  158  11:44  Zergling x14  
  133  11:58  Roach x12  
  144  12:07  Zergling x4  
  117  12:20  Ravager  
Show
View Real Time Build Order
Export as new Build Order

herO Protoss - Winner!

Build Orders: 1 Gate Expand, Mass Adepts 

Get SALT Encoding   

  12  0:00  Probe  
  13  0:14  Pylon  
  13  0:17  Probe (Chrono Boost)  
  14  0:26  Probe (Chrono Boost)  
  15  0:31  Probe  
  16  0:41  Gateway  
  16  0:43  Probe  
  16  0:47  Assimilator  
  17  0:55  Probe  
  18  1:07  Probe  
  19  1:20  Probe  
  20  1:27  Nexus  
  20  1:33  Cybernetics Core  
  20  1:38  Probe  
  21  1:42  Assimilator  
  21  1:50  Probe  
  21  1:52  Pylon  
  22  2:02  Probe  
  22  2:07  Adept (Chrono Boost)  
  23  2:10  Warp Gate  
  23  2:15  Probe  
  26  2:20  Twilight Council  
  26  2:27  Probe  
  27  2:30  Stalker  
  29  2:39  Probe (Chrono Boost)  
  30  2:46  Gateway  
  30  2:50  Probe (Chrono Boost)  
  31  2:55  Resonating Glaives (Chrono Boost)  
  31  2:57  Gateway  
  31  3:00  Adept, Probe  
  34  3:12  Gateway  
  34  3:14  Probe  
  34  3:16  Probe  
  36  3:21  Pylon  
  36  3:27  Probe  
  37  3:28  Probe  
  37  3:31  Adept  
  40  3:39  Probe  
  40  3:40  Probe  
  42  3:54  Probe  
  42  3:55  Probe  
  41  4:06  Nexus  
  41  4:10  Adept  
  41  4:11  Adept x3  
  41  4:13  Pylon  
  49  4:17  Probe x2  
  51  4:31  Adept x4  
  51  4:34  Probe  
  51  4:36  Probe  
  61  4:43  Pylon  
  61  4:47  Pylon  
  61  4:48  Probe  
  62  5:01  Adept x3  
  62  5:02  Adept  
  68  5:08  Probe x2  
  70  5:20  Probe x2 (Chrono Boost)  
  70  5:22  Adept x4  
  70  5:24  Probe (Chrono Boost)  
  79  5:32  Shield Battery  
  79  5:34  Probe x2 (Chrono Boost)  
  82  5:36  Probe (Chrono Boost)  
  82  5:40  Probe (Chrono Boost)  
  82  5:44  Adept x3  
  82  5:45  Adept  
  82  5:47  Probe  
  82  5:48  Probe  
  73  6:00  Probe x2  
  73  6:01  Probe  
  73  6:03  Robotics Facility  
  73  6:04  Pylon  
  70  6:08  Adept x2  
  74  6:12  Adept x2, Probe  
  74  6:15  Probe  
  74  6:16  Probe  
  81  6:20  Assimilator x2  
  81  6:22  Shield Battery  
  81  6:24  Probe  
  82  6:26  Pylon  
  82  6:31  Probe, Forge  
  83  6:33  Adept  
  83  6:34  Adept  
  83  6:37  Probe x2  
  87  6:43  Probe  
  88  6:49  Immortal (Chrono Boost), Probe x2  
  94  6:55  Probe  
  94  6:57  Robotics Bay  
  83  7:01  Probe  
  83  7:03  Adept x4  
  83  7:06  Probe  
  83  7:07  Probe  
  84  7:10  Protoss Ground Weapons Level 1 (Chrono Boost)  
  84  7:11  Assimilator  
  84  7:12  Assimilator  
  84  7:13  Probe  
  85  7:19  Observer (Chrono Boost)  
  84  7:23  Gateway  
  84  7:24  Gateway, Blink (Chrono Boost)  
  84  7:34  Warp Prism (Chrono Boost)  
  86  7:37  Nexus  
  86  7:40  Shield Battery  
  86  7:42  Adept  
  88  7:46  Adept x2  
  88  7:47  Pylon  
  88  7:50  Probe x3  
  93  7:58  Pylon  
  93  8:02  Probe  
  93  8:03  Robotics Facility  
  94  8:06  Disruptor (Chrono Boost)  
  94  8:10  Stalker x3  
  103  8:17  Shield Battery  
  103  8:22  Probe x3  
  103  8:25  Photon Cannon  
  106  8:33  Disruptor (Chrono Boost)  
  106  8:34  Gateway x2  
  106  8:35  Probe x3  
  112  8:42  Photon Cannon, Pylon  
  112  8:50  Zealot x5  
  122  8:57  Disruptor (Chrono Boost)  
  125  9:03  Stalker  
  125  9:05  Pylon x2  
  125  9:06  Protoss Ground Weapons Level 2 (Chrono Boost)  
  125  9:08  Charge  
  125  9:11  Gateway, Stalker  
  125  9:12  Photon Cannon, Stalker  
  129  9:18  Forge  
  113  9:29  Stalker x4  
  121  9:31  Photon Cannon  
  121  9:39  Stalker  
  121  9:40  Stalker x3  
  121  9:43  Photon Cannon  
  129  9:49  Disruptor x2 (Chrono Boost)  
  129  9:50  Pylon x2  
  135  9:58  Stalker  
  135  9:59  Stalker x3  
  142  10:07  Zealot x5  
  144  10:24  Stalker x4  
  144  10:28  Disruptor x2 (Chrono Boost)  
  136  10:36  Stalker x5  
  132  10:46  Probe x4  
  129  10:50  Zealot x4  
  130  10:57  Photon Cannon, Pylon  
  130  10:58  Shield Battery  
  130  11:01  Disruptor x2 (Chrono Boost)  
  136  11:10  Zealot x4  
  132  11:25  Zealot x8  
  144  11:28  Dark Shrine, Gateway  
  144  11:31  Gateway  
  128  11:34  Disruptor x2 (Chrono Boost)  
  132  11:47  Zealot x4  
  132  11:48  Zealot x4  
  114  12:10  Stalker  
  114  12:11  Stalker x7  
Tags
 
Add a new tag
Caveats
  • Supply blocks, unpowered buildings, or Contaminate may cause inaccurate times.
  • Supply counts are checked every 10 seconds.